NYP
LOS ANGELES (NYP) DODGERS @ BOISE HAWKS
04/14/2049
 
TOP OF THE 1ST
Los Angeles (NYP) Dodgers batting - Pitching for Boise Hawks : RHP Josh Blaschke
Pitching: RHP Josh Blaschke
Batting: RHB Aaron Joseph 0-0: Called Strike
0-1: Ball
1-1: DOUBLE (Line Drive, 7LS, EV 96.9 MPH)
Batting: LHB Umar Matoub 0-0: Ball
1-0: Foul Ball, location: 2F
1-1: Foul Ball, location: 2F
1-2: SINGLE (Groundball, 4MD, EV 96.2 MPH)
Aaron Joseph to third
Runner from 3rd tries for Home, SAFE, throw by CF to home
Umar Matoub to second
Batting: SHB Ray Luna 0-0: Foul Ball, location: 2F
0-1: Ball
1-1: Foul Ball, location: 2F
1-2: Strikes out looking
Batting: RHB Alex Melgoza 0-0: Called Strike
0-1: Ball
1-1: Ball
2-1: Ball
3-1: Base on Balls
Batting: SHB Marcos Cortez 0-0: Ball
1-0: Ball
Passed Ball!
Umar Matoub to third
Alex Melgoza to second
2-0: Ball
3-0: Called Strike
3-1: Called Strike
3-2: Base on Balls
Batting: RHB Geoff Musico 0-0: Foul Ball, location: 2F
0-1: Ball
Wild Pitch!
Umar Matoub scores
Alex Melgoza to third
Marcos Cortez to second
1-1: Called Strike
1-2: Foul Ball, location: 2F
1-2: Fly out, F9 (Flyball, 9, EV 80.0 MPH)
Batting: RHB Ingidayehu Lagat 0-0: Ball
1-0: Called Strike
1-1: Ball
2-1: Ground out 6-3 (Groundball, 6M, EV 88.1 MPH)
Top of the 1st over - 2 runs, 2 hits, 0 errors, 2 left on base; Los Angeles (NYP) 2 - Boise 0
BOTTOM OF THE 1ST
Boise Hawks batting - Pitching for Los Angeles (NYP) Dodgers : RHP Jaylen Parks
Pitching: RHP Jaylen Parks
Batting: SHB Clayton Saunders 0-0: Ball
1-0: Called Strike
1-1: Called Strike
1-2: Ball
2-2: Ball
3-2: Foul Ball, location: 2F
3-2: Strikes out swinging
Batting: RHB Ryan Ward 0-0: Ball
1-0: Called Strike
1-1: Foul Ball, location: 2F
1-2: Strikes out swinging
Batting: RHB Andy Rayer 0-0: Foul Ball, location: 2F
0-1: Called Strike
0-2: Strikes out swinging
Bottom of the 1st over - 0 runs, 0 hits, 0 errors, 0 left on base; Los Angeles (NYP) 2 - Boise 0
TOP OF THE 2ND
Los Angeles (NYP) Dodgers batting - Pitching for Boise Hawks : RHP Josh Blaschke
Batting: RHB Cory Bonham 0-0: Called Strike
0-1: Called Strike
0-2: Ball
1-2: Strikes out swinging
Batting: RHB Yok-sing Zhào 0-0: Called Strike
0-1: Ball
1-1: Ball
2-1: Swinging Strike
2-2: Foul Ball, location: 2F
2-2: Strikes out swinging
Batting: RHB Aaron Joseph 0-0: Ball
1-0: Ball
2-0: TRIPLE (Line Drive, 9D, EV 102.5 MPH)
Batting: LHB Umar Matoub 0-0: Called Strike
0-1: Swinging Strike
0-2: Foul Ball, location: 2F
0-2: Ball
1-2: Ground out 4-3 (Groundball, 4, EV 99.4 MPH)
Top of the 2nd over - 0 runs, 1 hit, 0 errors, 1 left on base; Los Angeles (NYP) 2 - Boise 0
BOTTOM OF THE 2ND
Boise Hawks batting - Pitching for Los Angeles (NYP) Dodgers : RHP Jaylen Parks
Batting: RHB Dan Hoffman 0-0: Called Strike
0-1: Ball
1-1: Ground out 6-3 (Groundball, 6, EV 83.8 MPH)
Batting: LHB Jerry Santana 0-0: Swinging Strike
0-1: Fly out, F7 (Flyball, 7D, EV 99.4 MPH)
Batting: RHB Bryce Hickman 0-0: Called Strike
0-1: Ball
1-1: Called Strike
1-2: Ball
2-2: Ball
3-2: Base on Balls
Batting: RHB Kevin McKasson 0-0: Ball
1-0: Ball
2-0: Ball
3-0: Base on Balls
Bryce Hickman to second
Batting: RHB Bob Hayes 0-0: Ball
1-0: Called Strike
1-1: Ball
2-1: Called Strike
2-2: Fly out, F4 (Flyball, 4D, EV 85.6 MPH)
Bottom of the 2nd over - 0 runs, 0 hits, 0 errors, 2 left on base; Los Angeles (NYP) 2 - Boise 0
TOP OF THE 3RD
Los Angeles (NYP) Dodgers batting - Pitching for Boise Hawks : RHP Josh Blaschke
Batting: SHB Ray Luna 0-0: Ball
1-0: Ball
2-0: Called Strike
2-1: SINGLE (Line Drive, 6M, EV 108.8 MPH)
Batting: RHB Alex Melgoza 0-0: Ball
1-0: Ball
2-0: Called Strike
2-1: Swinging Strike
2-2: Foul Ball, location: 2F
2-2: Strikes out looking
Batting: SHB Marcos Cortez 0-0: Ball
1-0: Ball
2-0: SINGLE (Groundball, 25, EV 68.8 MPH) (infield hit)
Ray Luna to second
Batting: RHB Geoff Musico 0-0: Swinging Strike
0-1: Ball
1-1: SINGLE (Line Drive, 78S, EV 106.2 MPH)
Ray Luna to third
Marcos Cortez to second
Batting: RHB Ingidayehu Lagat 0-0: Called Strike
0-1: Called Strike
0-2: Strikes out swinging
Batting: RHB Cory Bonham 0-0: Called Strike
0-1: Ball
1-1: Ball
2-1: Swinging Strike
2-2: Strikes out swinging
Top of the 3rd over - 0 runs, 3 hits, 0 errors, 3 left on base; Los Angeles (NYP) 2 - Boise 0
BOTTOM OF THE 3RD
Boise Hawks batting - Pitching for Los Angeles (NYP) Dodgers : RHP Jaylen Parks
Batting: SHB Justin Jackson 0-0: Called Strike
0-1: Swinging Strike
0-2: Foul Ball, location: 2F
0-2: Ball
1-2: Foul Ball, location: 2F
1-2: Ball
2-2: Foul Ball, location: 2F
2-2: Ground out 4-3 (Groundball, 4, EV 83.1 MPH)
Batting: SHB Clayton Saunders 0-0: Called Strike
0-1: Ball
1-1: Ball
2-1: Swinging Strike
2-2: Foul Ball, location: 2F
2-2: Ball
3-2: Strikes out swinging
Batting: RHB Ryan Ward 0-0: Called Strike
0-1: Foul Ball, location: 2F
0-2: Ball
1-2: Foul Ball, location: 2F
1-2: Strikes out looking
Bottom of the 3rd over - 0 runs, 0 hits, 0 errors, 0 left on base; Los Angeles (NYP) 2 - Boise 0
TOP OF THE 4TH
Los Angeles (NYP) Dodgers batting - Pitching for Boise Hawks : RHP Josh Blaschke
Batting: RHB Yok-sing Zhào 0-0: Called Strike
0-1: Ball
1-1: Called Strike
1-2: Fly out, F9 (Flyball, 9, EV 85.0 MPH)
Batting: RHB Aaron Joseph 0-0: Ball
1-0: Foul Ball, location: 2F
1-1: Called Strike
1-2: Strikes out swinging
Batting: LHB Umar Matoub 0-0: Called Strike
0-1: Called Strike
0-2: Ball
1-2: Strikes out looking
Top of the 4th over - 0 runs, 0 hits, 0 errors, 0 left on base; Los Angeles (NYP) 2 - Boise 0
BOTTOM OF THE 4TH
Boise Hawks batting - Pitching for Los Angeles (NYP) Dodgers : RHP Jaylen Parks
Batting: RHB Andy Rayer 0-0: Swinging Strike
0-1: Ball
1-1: Ball
2-1: Fly out, F9 (Line Drive, 9, EV 106.9 MPH)
Batting: RHB Dan Hoffman 0-0: Ball
1-0: Ball
2-0: Called Strike
2-1: Foul Ball, location: 2F
2-2: Ground out 6-3 (Groundball, 6, EV 109.4 MPH)
Batting: LHB Jerry Santana 0-0: Called Strike
0-1: Swinging Strike
0-2: Foul Ball, location: 2F
0-2: Ball
1-2: Strikes out swinging
Bottom of the 4th over - 0 runs, 0 hits, 0 errors, 0 left on base; Los Angeles (NYP) 2 - Boise 0
TOP OF THE 5TH
Los Angeles (NYP) Dodgers batting - Pitching for Boise Hawks : RHP Josh Blaschke
Pitching: LHP Ernesto Galindo
Batting: SHB Ray Luna 0-0: Ball
1-0: Ball
2-0: Ball
3-0: Called Strike
3-1: Foul Ball, location: 2F
3-2: Base on Balls
Batting: RHB Alex Melgoza 0-0: Swinging Strike
0-1: Ball
1-1: Ball
2-1: Foul Ball, location: 2F
2-2: Foul Ball, location: 2F
2-2: Foul Ball, location: 2F
2-2: Ball
3-2: Foul Ball, location: 2F
3-2: Base on Balls
Ray Luna to second
Batting: SHB Marcos Cortez 0-0: Fly out, F9 (Flyball, 89S, EV 78.8 MPH)
Batting: RHB Geoff Musico 0-0: Ball
1-0: Ball
2-0: Ball
3-0: Base on Balls
Ray Luna to third
Alex Melgoza to second
Batting: RHB Ingidayehu Lagat 0-0: SINGLE (Groundball, 34, EV 102.5 MPH) (infield hit)
Ray Luna scores
Alex Melgoza to third
Geoff Musico to second
Batting: RHB Cory Bonham 0-0: Called Strike
0-1: Swinging Strike
0-2: Strikes out swinging
Batting: RHB Yok-sing Zhào 0-0: Ball
1-0: Called Strike
1-1: Foul Ball, location: 2F
1-2: Fielders Choice at 2nd, 5-4 (Groundball, 56, EV 100.0 MPH)
Top of the 5th over - 1 run, 1 hit, 0 errors, 3 left on base; Los Angeles (NYP) 3 - Boise 0
BOTTOM OF THE 5TH
Boise Hawks batting - Pitching for Los Angeles (NYP) Dodgers : RHP Jaylen Parks
Batting: RHB Bryce Hickman 0-0: Called Strike
0-1: Ball
1-1: Ball
2-1: Ball
3-1: Foul Ball, location: 2F
3-2: Ground out 6-3 (Groundball, 6, EV 93.8 MPH)
Batting: RHB Kevin McKasson 0-0: Ball
1-0: Swinging Strike
1-1: Ball
2-1: Foul Ball, location: 2F
2-2: Foul Ball, location: 2F
2-2: Ball
3-2: Base on Balls
Pitching: RHP Juan Serrano
Batting: RHB Bob Hayes 0-0: SINGLE (Groundball, 56, EV 101.9 MPH)
Kevin McKasson to second
Batting: SHB Justin Jackson 0-0: Ball
1-0: Called Strike
1-1: Grounds into double play, 4-6-3 (Groundball, 4, EV 91.9 MPH)
Bottom of the 5th over - 0 runs, 1 hit, 0 errors, 1 left on base; Los Angeles (NYP) 3 - Boise 0
TOP OF THE 6TH
Los Angeles (NYP) Dodgers batting - Pitching for Boise Hawks : LHP Ernesto Galindo
Batting: RHB Aaron Joseph 0-0: Ball
1-0: Ball
2-0: Called Strike
2-1: Ball
3-1: Base on Balls
Batting: LHB Umar Matoub 0-0: Called Strike
0-1: Swinging Strike
0-2: Ball
1-2: Foul Ball, location: 2F
1-2: Ball
2-2: TRIPLE (Line Drive, 8RXD, EV 105.0 MPH)
Aaron Joseph scores
Batting: SHB Ray Luna 0-0: Ball
1-0: SINGLE (Groundball, 6MD, EV 97.5 MPH)
Umar Matoub scores
Batting: RHB Alex Melgoza 0-0: Called Strike
0-1: Ball
Ray Luna is caught stealing 2nd base 2-4
1-1: Ground out 6-3 (Groundball, 6, EV 85.0 MPH)
Batting: SHB Marcos Cortez 0-0: Called Strike
0-1: Called Strike
0-2: Ball
1-2: Foul Ball, location: 2F
1-2: SOLO HOME RUN (Line Drive, 7LD, EV 89.4 MPH), Distance : 334 ft
Pitching: LHP Josh Alvarez
Batting: RHB Geoff Musico 0-0: Foul Ball, location: 2F
0-1: Ground out 4-3 (Groundball, 34, EV 110.0 MPH)
Top of the 6th over - 3 runs, 3 hits, 0 errors, 0 left on base; Los Angeles (NYP) 6 - Boise 0
BOTTOM OF THE 6TH
Boise Hawks batting - Pitching for Los Angeles (NYP) Dodgers : RHP Juan Serrano
Batting: SHB Clayton Saunders 0-0: Foul Ball, location: 2F
0-1: Ball
1-1: Swinging Strike
1-2: Ball
2-2: Ball
3-2: Base on Balls
Batting: RHB Ryan Ward 0-0: Called Strike
0-1: Foul Ball, location: 2F
0-2: Ball
1-2: Fly out, F4 (Line Drive, 34, EV 70.0 MPH)
Batting: RHB Andy Rayer 0-0: Ball
1-0: Ball
Clayton Saunders steals 2nd base
2-0: Ball
3-0: Ground out 1-3 (Groundball, P, EV 66.9 MPH)
Clayton Saunders to third
Batting: RHB Dan Hoffman 0-0: Ball
1-0: Ball
2-0: Ball
3-0: Called Strike
3-1: Called Strike
3-2: Base on Balls
Batting: LHB Jerry Santana 0-0: Ball
1-0: Ball
2-0: Fly out, F8 (Flyball, 8LM, EV 88.8 MPH)
Bottom of the 6th over - 0 runs, 0 hits, 0 errors, 2 left on base; Los Angeles (NYP) 6 - Boise 0
TOP OF THE 7TH
Los Angeles (NYP) Dodgers batting - Pitching for Boise Hawks : LHP Josh Alvarez
Batting: RHB Ingidayehu Lagat 0-0: Ball
1-0: Ball
2-0: SINGLE (Line Drive, 6D, EV 95.0 MPH)
Batting: RHB Cory Bonham 0-0: Called Strike
0-1: Called Strike
0-2: Ball
1-2: Ball
2-2: Ball
3-2: Foul Ball, location: 2F
3-2: Strikes out looking
Batting: RHB Yok-sing Zhào 0-0: Ball
1-0: Ball
2-0: Fielders Choice at 2nd, 4-6 (Groundball, 4, EV 85.6 MPH)
Batting: RHB Aaron Joseph 0-0: Ball
1-0: Called Strike
Yok-sing Zhào is caught stealing 2nd base 2-4
Top of the 7th over - 0 runs, 1 hit, 0 errors, 0 left on base; Los Angeles (NYP) 6 - Boise 0
BOTTOM OF THE 7TH
Boise Hawks batting - Pitching for Los Angeles (NYP) Dodgers : RHP Juan Serrano
Batting: RHB Bryce Hickman 0-0: Called Strike
0-1: Ball
1-1: Ball
2-1: Ball
3-1: DOUBLE (Groundball, 5L, EV 106.2 MPH)
Batting: RHB Kevin McKasson 0-0: Ball
1-0: Ball
2-0: Ball
3-0: Base on Balls
Pitching: RHP Bill Tulk
Batting: RHB Bob Hayes 0-0: Called Strike
0-1: Ball
1-1: Ball
2-1: Ball
3-1: Foul Ball, location: 2F
3-2: Foul Ball, location: 2F
3-2: Strikes out swinging
Batting: SHB Justin Jackson 0-0: Swinging Strike
0-1: Ball
1-1: Called Strike
1-2: Fielders Choice at 2nd, 3-6 (Groundball, 34S, EV 86.9 MPH)
Bryce Hickman to third
Batting: SHB Clayton Saunders 0-0: Ball
1-0: Swinging Strike
1-1: Called Strike
1-2: Strikes out swinging
Bottom of the 7th over - 0 runs, 1 hit, 0 errors, 2 left on base; Los Angeles (NYP) 6 - Boise 0
TOP OF THE 8TH
Los Angeles (NYP) Dodgers batting - Pitching for Boise Hawks : LHP Josh Alvarez
Batting: RHB Aaron Joseph 0-0: Hit by Pitch
Batting: LHB Umar Matoub 0-0: Called Strike
0-1: Ball
1-1: Ball
2-1: SINGLE (Flyball, 8LS, EV 90.6 MPH)
Aaron Joseph to second
Batting: SHB Ray Luna 0-0: Ball
1-0: Called Strike
1-1: Fielders Choice at 2nd, 3-6 (Groundball, 3, EV 83.8 MPH)
Aaron Joseph to third
Pitching: RHP Gorgonio Sigua
Batting: RHB Alex Melgoza 0-0: Called Strike
Ray Luna is caught stealing 2nd base 2-4
0-1: Ball
1-1: Ball
2-1: Ball
3-1: Called Strike
3-2: DOUBLE (Line Drive, 7LM, EV 103.1 MPH)
Aaron Joseph scores
Pinch Hitting: LHB Hiroki Yamamoto 0-0: Fly out, F4 (Popup, 34, EV 63.8 MPH)
Top of the 8th over - 1 run, 2 hits, 0 errors, 1 left on base; Los Angeles (NYP) 7 - Boise 0
BOTTOM OF THE 8TH
Boise Hawks batting - Pitching for Los Angeles (NYP) Dodgers : RHP Bill Tulk
Now at 3B: Hiroki Yamamoto
Batting: RHB Ryan Ward 0-0: Called Strike
0-1: Foul Ball, location: 2F
0-2: Ball
1-2: Strikes out swinging
Batting: RHB Andy Rayer 0-0: Foul Ball, location: 2F
0-1: Fly out, F9 (Line Drive, 9S, EV 96.2 MPH)
Batting: RHB Dan Hoffman 0-0: Called Strike
0-1: SINGLE (Groundball, 6MD, EV 103.1 MPH)
Batting: LHB Jerry Santana 0-0: Foul Ball, location: 2F
0-1: Ball
1-1: Called Strike
1-2: Strikes out looking
Bottom of the 8th over - 0 runs, 1 hit, 0 errors, 1 left on base; Los Angeles (NYP) 7 - Boise 0
TOP OF THE 9TH
Los Angeles (NYP) Dodgers batting - Pitching for Boise Hawks : RHP Gorgonio Sigua
Pinch Hitting: RHB Scott Merritt 0-0: Called Strike
0-1: Ball
1-1: Ball
2-1: Ball
3-1: Foul Ball, location: 2F
3-2: Strikes out swinging, 2-3 out at first.
Pinch Hitting: RHB Chris Graham 0-0: Ball
1-0: Ball
2-0: Ground out 5-3 (Groundball, 56S, EV 86.2 MPH)
Pinch Hitting: RHB Areda Obote 0-0: Called Strike
0-1: Foul Ball, location: 2F
0-2: Ball
1-2: Strikes out looking
Top of the 9th over - 0 runs, 0 hits, 0 errors, 0 left on base; Los Angeles (NYP) 7 - Boise 0
BOTTOM OF THE 9TH
Boise Hawks batting - Pitching for Los Angeles (NYP) Dodgers : RHP Bill Tulk
Now at C: Scott Merritt
Now at 2B: Areda Obote
Now at SS: Chris Graham
Batting: RHB Bryce Hickman 0-0: Called Strike
0-1: Called Strike
0-2: Foul Ball, location: 2F
0-2: Foul Ball, location: 2F
0-2: Strikes out looking
Batting: RHB Kevin McKasson 0-0: Ball
1-0: Called Strike
1-1: Foul Ball, location: 2F
1-2: Strikes out swinging
Batting: RHB Bob Hayes 0-0: Ball
1-0: Fly out, F4 (Line Drive, 4, EV 63.8 MPH)
Bottom of the 9th over - 0 runs, 0 hits, 0 errors, 0 left on base; Los Angeles (NYP) 7 - Boise 0
Sunday, July 16th , 2023 - OOTP Baseball 24.6 Build 69